 Dungeon Crawl Stone Soup version 0.22.0-60-ga52c2fcf6e (webtiles) character file.

536 Azzok the Digger (level 7, 33/46 HPs)
             Began as a Demonspawn Earth Elementalist on Sept 9, 2018.
             Quit the game on level 4 of the Dungeon.
             The game lasted 00:05:35 (4626 turns).

Azzok the Digger (Demonspawn Earth Elementalist)    Turns: 4626, Time: 00:05:35

Health: 33/46      AC:  8    Str:  8    XL:     7   Next: 4%
Magic:  1/13       EV: 12    Int: 18    God:
Gold:   208        SH:  0    Dex: 14    Spells: 10/14 levels left

rFire    . . .     SeeInvis .   n - staff of earth
rCold    . . .     Gourm    .   (no shield)
rNeg     . . .     Faith    .   c - +0 robe
rPois    .         Spirit   .   f - +0 helmet
rElec    .         Reflect  .   l - +0 cloak (curse)
rCorr    .         Harm     .   y - +0 pair of gloves
MR       .....                  (no boots)
Stlth    +++.......             (no amulet)
HPRegen  0.15/turn              i - +1 ring of protection
MPRegen  0.13/turn              (no ring)

@: no status effects
A: icy blue scales 1, nightstalker 1
a: no special abilities


You were on level 4 of the Dungeon.
You were hungry.

You visited 1 branch of the dungeon, and saw 4 of its levels.

You collected 208 gold pieces.

Inventory:

Hand Weapons
 e - a +0 hand axe
Missiles
 b - 161 stones (quivered)
Armour
 c - a +0 robe (worn)
 f - a +0 helmet (worn)
 l - a cursed +0 cloak (worn)
 y - a +0 pair of gloves (worn)
Magical Staves
 n - an uncursed staff of earth (weapon)
Jewellery
 a - a cursed ring of attention {unknown}
 i - a +1 ring of protection (left hand)
Scrolls
 g - 4 scrolls of remove curse {unknown}
 j - a scroll of enchant armour {unknown}
 k - 3 scrolls of teleportation {unknown}
 o - a scroll of immolation {unknown}
 p - a scroll of amnesia {unknown}
 u - 4 scrolls of identify {unknown}
 v - 2 scrolls of blinking {unknown}
 w - a scroll of fog {unknown}
 x - 3 scrolls of fear {unknown}
Potions
 h - 4 potions of heal wounds {unknown}
 m - a potion of lignification {unknown}
 q - a potion of flight {unknown}
 r - 2 potions of cancellation {unknown}
 s - a potion of brilliance {unknown}
 t - 4 potions of might {unknown}
 z - 2 potions of curing {unknown}
Comestibles
 d - 9 rations


   Skills:
 - Level 1.7 Dodging
 - Level 1.7 Stealth
 + Level 4.0 Spellcasting
 + Level 3.6 Conjurations
   Level 0.8 Transmutations
 + Level 5.3 Earth Magic


You had 10 spell levels left.
You knew the following spells:

 Your Spells              Type           Power        Failure   Level  Hunger
a - Sandblast             Erth           ####..       1%          1    None
b - Stone Arrow           Conj/Erth      ####..       7%          3    ###....

Your spell library contained the following spells:

 Spells                   Type           Power        Failure   Level  Hunger
 Passwall                 Tmut/Erth      ###.....     6%          2    ##.....
 Petrify                  Tmut/Erth      ###.....     38%         4    ####...
 Lee's Rapid Deconstruct  Erth           ####......   43%         5    ######.


Dungeon Overview and Level Annotations

Branches:
Dungeon (4/15)
 Temple: D:4-7

Altars:
Ashenzari

Annotations:
D:4 3 runed doors, lavawurm's ghost, amateur GrFi


Innate Abilities, Weirdness & Mutations

You are partially covered in icy blue scales. (AC +2)
You are slightly more attuned to the shadows.


Message History

Aim: an ice beast (heavily wounded)
You feel a surge of power!
The blast of sand hits the ice beast.
The ice beast is almost dead.
b - 162 stones
* * * LOW MAGIC WARNING * * *
The ice beast hits you but does no damage.
Casting: Sandblast (safe; 1% risk of failure)
Confirm with . or Enter, or press ? or * to list all spells.
Aiming: Sandblast (safe; 1% risk of failure)
Press: ? - help, Shift-Dir - straight line, f/p - ice beast
Aim: an ice beast (almost dead)
You feel a surge of power!
The blast of sand hits the ice beast.
You kill the ice beast!
Your Spellcasting skill increases to level 4!
You have reached level 7!
Your demonic ancestry asserts itself...
You slip into the darkness of the dungeon.
b - 161 stones
* * * LOW MAGIC WARNING * * *
Are you sure you want to abandon this character and quit the game? (Confirm

·············▒▒▒·▒
·············▒ ▒·▒
·············▒ ▒·▒▒▒▒
·············· ▒····▒
········▒·▒▒▒▒·▒····▒
···▒·▒▒·▒·▒ ▒·▒····▒
·▒····▒·▒·▒ ▒······▒
····÷·▒···▒ ▒▒▒····▒
··▒▒····▒·▒▒ ▒@···▒
·÷·········▒▒▒▒▒····▒
··············▒▒····▒
····)·········▒▒····▒
··············▒▒····▒
··············▒▒▒▒▒▒▒
··············▒
··············▒
··············▒


There were no monsters in sight!

Vanquished Creatures
  An ice beast (D:4)
  A phantom (D:4)
  An ogre (D:4)
  A howler monkey (D:4)
  A hound (D:4)
  2 worker ants (D:4)
  A hound skeleton (D:4)
  5 adders
  2 oozes
  2 worms
  2 leopard geckos (D:2)
  5 orcs
  2 ball pythons
  11 bats
  2 giant cockroaches
  12 goblins
  8 hobgoblins
  3 jackals (D:4)
  6 kobolds
  2 quokkas (D:2)
  7 frilled lizards
  2 quokka skeletons
  4 rats
83 creatures vanquished.

Notes
Turn   | Place    | Note
-------+----------+-------------------------------------------
     0 | D:1      | Azzok the Demonspawn Earth Elementalist began the quest for
                  | the Orb.
     0 | D:1      | Reached XP level 1. HP: 13/13 MP: 3/3
    91 | D:1      | Reached skill level 3 in Earth Magic
   158 | D:1      | Gained mutation: You are partially covered in icy blue
                  | scales. (AC +2) [demonic ancestry]
   158 | D:1      | Reached XP level 2. HP: 13/19 MP: 0/5
   333 | D:1      | Found a shattered altar of Ashenzari.
  1010 | D:2      | Reached XP level 3. HP: 24/24 MP: 4/6
  1015 | D:2      | Learned a level 3 spell: Stone Arrow
  1516 | D:2      | Reached skill level 4 in Earth Magic
  1925 | D:2      | Reached skill level 1 in Conjurations
  1985 | D:2      | Reached XP level 4. HP: 30/30 MP: 3/7
  3710 | D:4      | Noticed an ogre
  3724 | D:4      | Killed an ogre
  3724 | D:4      | Reached XP level 5. HP: 35/35 MP: 0/9
  3885 | D:4      | Reached XP level 6. HP: 40/41 MP: 5/10
  3971 | D:4      | Reached skill level 5 in Earth Magic
  4481 | D:4      | Found a runed gate.
  4482 | D:4      | Found a runed gate.
  4483 | D:4      | Found a runed gate.
  4483 | D:4      | Noticed lavawurm's ghost (amateur GrFi)
  4616 | D:4      | Noticed an ice beast
  4625 | D:4      | Killed an ice beast
  4625 | D:4      | Gained mutation: You are slightly more attuned to the
                  | shadows. [demonic ancestry]
  4625 | D:4      | Reached XP level 7. HP: 32/46 MP: 1/13
  4626 | D:4      | Quit the game

Skill      XL: |  1  2  3  4  5  6 |
---------------+-------------------+-----
Earth Magic    | 3 4 5 |  5.3
Conjurations   | 1 2 3 |  3.6
Spellcasting   | 3 4 |  4.0
Dodging        | |  1.7
Stealth        | |  1.7
Transmutations | |  0.8

Action                   |  1- 3 |  4- 6 |  7- 9 || total
-------------------------+-------+-------+-------++-------
Melee: Hand axe          |    36 |       |       ||    36
       Staff             |    19 |     7 |       ||    26
 Cast: Sandblast         |    20 |    32 |     1 ||    53
       Stone Arrow       |    16 |    32 |       ||    48
 Stab: Sleeping          |     3 |       |       ||     3
  Eat: Chunk             |     6 |    11 |       ||    17
Armor: Robe              |    20 |    20 |       ||    40
Dodge: Dodged            |    46 |    19 |       ||    65
